 Dungeon Crawl Stone Soup version 0.31-a0-1134-gb247575 (webtiles) character file.

Game seed: 14252550855413802292

3147 PidgeyThePirate the Grappler (level 9, -6/67 HPs)
             Began as a Demigod Shapeshifter on Dec 5, 2023.
             Mangled by an orc warrior
             ... wielding a +0 glaive
              (16 damage)
             ... in a bailey.
             The game lasted 00:18:56 (7335 turns).

PidgeyThePirate the Grappler (Demigod Shapeshifter) Turns: 7335, Time: 00:18:57

Health: -6/67      AC: 16    Str: 19    XL:     9   Next: 36%
Magic:  11/11      EV: 12    Int: 16    God:
Gold:   358        SH:  0    Dex: 17    Spells: 6/8 levels left

rFire   + .          .
                       - Unarmed
rCold   . . .        (no shield)
rNeg    . . .        l - +7 ring mail "Katefrisch" {Rampage}
rPois   .            (helmet currently unavailable)
rElec   .            (cloak currently unavailable)
rCorr   .            (gloves currently unavailable)
SInv    .            (boots currently unavailable)
Will    .....        (no amulet)
Stlth   +            i - ring of protection from fire
HPRegen 0.31/turn    r - +4 ring of protection
MPRegen 0.12/turn

%: rampage
@: mighty, beast-form
A: beast (slay +3), high MP 1, forlorn, divine attributes
a: Begin Untransformation


You were in a bailey.
You were a hulking beast.
You visited 1 branch of the dungeon, and saw 7 of its levels.
You also visited: Ossuary and Bailey.

You collected 358 gold pieces.

Inventory:

Missiles
 o - 2 throwing nets
Armour
 a - a +0 animal skin
 l - the +7 ring mail "Katefrisch" (worn) {Rampage}
   (You took it off a kobold on level 2 of the Dungeon)

   Rampage:   It bestows one free step when moving towards enemies.
 s - a +1 hat
 B - a +0 helmet
 D - the +1 pair of boots "Cymiafri" {Int+3}
   (You found it on level 6 of the Dungeon)

   Int+3:     It affects your intelligence (+3).
Jewellery
 g - a +6 ring of intelligence
 i - a ring of protection from fire (left hand)
 q - a +4 ring of protection
 r - a +4 ring of protection (right hand)
Talismans
 c - a beast talisman
 d - a flux talisman
 f - a blade talisman
 A - a serpent talisman
Wands
 j - a wand of polymorph (11)
 E - a wand of digging (5)
Scrolls
 e - 2 scrolls of enchant armour
 h - 2 scrolls of fog {unknown}
 m - 3 scrolls of enchant weapon {unknown}
 n - a scroll of poison
 t - 3 scrolls of immolation
 x - a scroll of teleportation {unknown}
 y - 2 scrolls of identify
 z - a scroll of fear {unknown}
Potions
 b - 2 potions of lignification
 k - 4 potions of curing
 p - a potion of attraction
 u - a potion of magic
 v - 2 potions of might
 w - 3 potions of mutation {unknown}
 C - a potion of degeneration {unknown}


   Skills:
 + Level 2.0 Fighting
 + Level 4.1 Armour
 + Level 3.9 Dodging
 + Level 1.8 Stealth
 + Level 9.3 Unarmed Combat
 * Level 6.1 Shapeshifting


You had 6 spell levels left.
You knew the following spells:

 Your Spells              Type           Power      Damage    Failure   Level
a - Ensorcelled Hibernat  Hex/Ice        0%         N/A       54%         2

Your spell library contained the following spells:

 Spells                   Type           Power      Damage    Failure   Level
 Jinxbite                 Hex            0%         N/A       54%         2
 Anguish                  Hex/Necr       0%         N/A       99%         4


Dungeon Overview and Level Annotations

Branches:
Dungeon (7/15)             Temple (0/1) D:5         Ossuary (visited)
 Bailey (1/1)

Portals:
Abyss: D:4


Innate Abilities, Weirdness & Mutations

You are a hulking beast.
Your limbs bulge with bestial killing power. (Slay +3)
You have an increased reservoir of magic. (+10% MP)
You shall have no god before yourself.
Your divine heritage dramatically boosts your attributes as you level up.


Message History

The orc knight hits you with a +0 halberd!
You closely miss the orc knight.
The orc knight is lightly wounded.
The orc knight roars a battlecry!
The orc warrior goes into a battle-frenzy!
You punch the orc knight!
The orc knight is lightly wounded.
The orc knight splashes around in the water.
You pummel the orc knight!!
The orc knight is moderately wounded.
The orc warrior splashes around in the water.
You punch the orc knight!
The orc knight is heavily wounded.
The orc knight splashes around in the water.
The orc warrior barely misses you.
You hit the orc knight.
The orc knight is severely wounded.
The orc knight hits you with a +0 halberd!
The orc warrior closely misses you.
You barely miss the orc knight.
The orc knight is severely wounded.
The orc knight hits you with a +0 halberd!
You barely miss the orc knight.
The orc knight is severely wounded.
The orc warrior hits you but does no damage.
The orc knight splashes around in the water.
You punch the orc knight!
The orc knight is almost dead.
The orc warrior hits you from afar with a +0 glaive!!
* * * LOW HITPOINT WARNING * * *
The orc knight hits you with a +0 halberd!
* * * LOW HITPOINT WARNING * * *
You feel better.
The orc warrior hits you from afar with a +0 glaive!
* * * LOW HITPOINT WARNING * * *
The orc knight hits you with a +0 halberd.
* * * LOW HITPOINT WARNING * * *
You feel better.
The orc warrior hits you from afar with a +0 glaive!
You die...

#.....≈#....~~~~~~~~~~~~)~~~~....
#.....≈##.∩#≈~~~~~~~~~~~~~~~≈#∩)#
#.....≈≈#.##≈~~~~#######~~~~≈##.#
#.....~≈≈~≈≈≈~~~##~~~~##~~~~≈≈≈~≈
#.....~~~~~~~~~##~~o~~##~~~~~~~~)
#.....~~~~~~~~##~o#'''##~~~~~~~~)
#.....~~~~~~~~#o~##oo∩##~~##~~~~~
#.....~~~~~~~##o####'####~##~~~~~
#.....~~~~~~~##~h)#oo.#.'~##~~~~~
#.....~~~~~~~##~###._.###~##~~~~~
#.....~~~~~~~##~')#:.?#.'~##~~~~~
#.....~~~~~~~##~#########~##~~~~~
#.....~~~~~~~~#~~##)#)##~~#~~~~~~
#.....~~~~~~~~##~~#'#'#~~##~~~~~~
#.....~~)~~~~~~##~~~~~~~##~~~~~~~
#.....~≈≈~≈≈≈~~~#########~~~≈≈≈~≈
#.....≈≈#)##≈~~~~~~###~~~~~~≈##.#


You could see an orc knight and an orc warrior (strong).

Vanquished Creatures
  Menkaure (Ossuary)
  Edmund (D:6)
  An ice beast (D:6)
  11 orc warriors
  A sky beast (D:7)
  A black bear (D:5)
  An ogre (D:4)
  2 centaurs
  3 phantoms
  3 bullfrogs
  2 scorpions
  5 hounds
  A jelly (D:5)
  A gnoll bouda (D:5)
  Ijyb (D:3)
  3 iguanas
  3 orc wizards
  Natasha (thrice) (D:4)
  3 mummies (Ossuary)
  7 gnolls (D:5)
  8 adders
  A shadow imp (D:7)
  2 worms (D:3)
  3 dart slugs
  24 orcs
  2 bats (D:2)
  6 endoplasms
  7 giant cockroaches
  2 gnoll zombies (Ossuary)
  8 hobgoblins
  8 jackals
  7 kobolds
  6 quokkas
  6 ball pythons
  A frilled lizard (D:2)
  6 gnoll skeletons (Ossuary)
  8 goblins
  5 goblin skeletons (Ossuary)
  4 goblin zombies
  5 hobgoblin skeletons (Ossuary)
  6 hobgoblin zombies (Ossuary)
  2 kobold skeletons (Ossuary)
  6 kobold zombies (Ossuary)
  2 orc skeletons (Ossuary)
  3 orc zombies (Ossuary)
  7 rats
  5 rat skeletons (Ossuary)
  6 rat zombies (Ossuary)
  A lurking horror (D:4)
211 creatures vanquished.

Vanquished Creatures (others)
  An orc warrior (Bailey)
  A lurking horror (D:4)
2 creatures vanquished.

Grand Total: 213 creatures vanquished

Notes
Turn   | Place    | Note
-------+----------+-------------------------------------------
     0 | D:1      | PidgeyThePirate the Demigod Shapeshifter began the quest
                  | for the Orb.
     0 | D:1      | Reached XP level 1. HP: 15/15 MP: 3/3
   426 | D:1      | Reached XP level 2. HP: 22/22 MP: 4/4
   875 | D:2      | Reached skill level 3 in Unarmed Combat
   960 | D:2      | Identified the +7 ring mail "Katefrisch" {Rampage}
   962 | D:2      | Reached skill level 1 in Fighting
  1056 | D:2      | Reached XP level 3. HP: 28/28 MP: 5/5
  1353 | D:2      | Reached XP level 4. HP: 35/35 MP: 6/6
  1860 | D:3      | You fall into a shaft and drop 3 floors!
  1903 | D:5      | Entered Level 5 of the Dungeon
  1953 | D:5      | Reached XP level 5. HP: 32/40 MP: 7/7
  1955 | D:5      | Reached skill level 4 in Unarmed Combat
  1972 | D:5      | Reached skill level 1 in Armour
  2137 | D:5      | Noticed a centaur
  2137 | D:5      | Noticed a black bear
  2157 | D:5      | Found a staircase to the Ecumenical Temple.
  2157 | D:5      | Noticed an ice beast
  2196 | D:6      | Killed an ice beast
  2236 | D:4      | Reached XP level 6. HP: 43/47 MP: 8/8
  2262 | D:4      | Found a one-way gate to the infinite horrors of the Abyss.
  2368 | D:4      | Reached skill level 5 in Unarmed Combat
  2443 | D:4      | Noticed Natasha
  2449 | D:4      | Killed Natasha
  2474 | D:4      | Found a sand-covered staircase.
  2507 | Ossuary  | Entered an ossuary
  2776 | Ossuary  | Noticed Menkaure
  2801 | Ossuary  | Killed Menkaure
  2802 | Ossuary  | Reached skill level 1 in Stealth
  2802 | Ossuary  | Reached XP level 7. HP: 38/52 MP: 9/9
  2909 | D:3      | Noticed Ijyb
  2914 | D:3      | Killed Ijyb
  2915 | D:3      | Reached skill level 6 in Unarmed Combat
  3495 | D:4      | Learned a level 2 spell: Ensorcelled Hibernation
  3853 | D:4      | Noticed Natasha
  3906 | D:4      | Killed Natasha
  4120 | D:4      | Noticed Natasha
  4125 | D:4      | Killed Natasha
  4676 | D:5      | Reached skill level 7 in Unarmed Combat
  4823 | D:5      | Reached XP level 8. HP: 54/59 MP: 10/10
  4829 | D:5      | Reached skill level 5 in Shapeshifting
  5320 | D:6      | Identified the +1 pair of boots "Cymiafri" {Int+3}
  5337 | D:6      | Noticed Edmund
  5375 | D:6      | Killed Edmund
  6241 | D:7      | Reached skill level 8 in Unarmed Combat
  6364 | D:7      | Found a flagged portal.
  6377 | Bailey   | Entered a bailey
  6601 | Bailey   | Reached XP level 9. HP: 42/67 MP: 11/11
  7082 | Bailey   | Reached skill level 9 in Unarmed Combat
  7313 | Bailey   | Identified the +6 arbalest of Propriety {antimagic, rElec
                  | rC+ Dex+5}
  7314 | Bailey   | Noticed an orc knight
  7334 | Bailey   | HP: 3/67 [orc knight/+0 halberd (6)]
  7335 | Bailey   | Mangled by an orc warrior

Illustrated notes

Levels and vault maps discovered:
D:1:      roadster_arrival_rocket_small, layout_basic, minmay_misc_feat_ornament
D:2:      layout_basic, ebering_ecumenical_altar_webs, minmay_quantized
D:3:      layout_rooms, nzn_hepliaklqana_mist_gate, serial_co_window_serial,
          co_window_corner_a, co_window_of_opportunity_a, co_window_cross_1,
          co_window_corner_a, co_window_paths_a, co_window_paths_a,
          co_window_corner_a, co_window_corner_b, co_window_of_opportunity_b,
          co_window_corner_ca, glass_columns_a, glass_columns_a,
          glass_columns_a, glass_columns_a, glass_columns_b, uniq_ijyb
D:4:      layout_rooms, nicolae_overflow_two_pavilions, marbit_many_paths,
          general_overflow_altar, enter_ossuary_4, kennysheep_nub,
          grunt_ministairs_1, corner_web_ring, amcnicky_altar_lugonu_corruption,
          uniq_natasha
D:5:      minmay_evil_eye, layout_layer_cave, minmay_temple_entry_overgrown,
          minmay_chambers_of_fives
D:6:      layout_loops_ring, old_standard_altar,
          nicolae_kikubaaqudgha_miasma_corner,
          mainiacjoe_overflow_small_starburst, serial_glass, glass_columns_a,
          glass_columns_b, uniq_edmund
D:7:      layout_loops_corners, vehumet_crystals, enter_bailey_2,
          dreamdust_gnoll_shepherd
Bailey:   bailey_polearm_2, bailey

Skill      XL: |  1  2  3  4  5  6  7  8  9 |
---------------+----------------------------+-----
Shapeshifting  | 3 4 5 6 |  6.1
Unarmed Combat | 3 4 5 7 8 9 |  9.3
Fighting       | 1 2 |  2.0
Dodging        | 2 3 |  3.9
Armour         | 1 2 3 4 |  4.1
Stealth        | 1 |  1.8

Action                     |  1- 3 |  4- 6 |  7- 9 || total
---------------------------+-------+-------+-------++-------
  Melee: Unarmed           |   108 |   299 |   346 ||   753
         Punch             |     2 |    14 |    15 ||    31
    Use: Potion            |       |     5 |     6 ||    11
         Scroll            |       |       |     5 ||     5
   Stab: Sleeping          |     1 |     1 |       ||     2
         Invisible         |       |     5 |     1 ||     6
 Armour: Animal skin       |    27 |       |       ||    27
         Ring mail         |    23 |   131 |   249 ||   403
  Dodge: Dodged            |    56 |   137 |   201 ||   394

Table legend: (Time is in decaauts)
 A = Elapsed time spent in this place.
 B = Non-inter-level travel time spent in this place.
 C = Inter-level travel time spent in this place.
 D = Time resting spent in this place.
 E = Time spent auto-exploring this place.
 F = Levels seen in this place.
 G = Mean time per level.
                   A        B        C        D        E       F      G
               +--------+--------+--------+--------+--------+-----+--------+
         Total |   7312 |   6749 |    563 |      0 |   4690 |   9 |  812.4 |
       Dungeon |   5953 |   5390 |    563 |      0 |   3949 |   7 |  850.4 |
       Ossuary |    356 |    356 |      0 |      0 |     36 |   1 |  356.0 |
        Bailey |   1002 |   1002 |      0 |      0 |    705 |   1 | 1002.0 |
               +--------+--------+--------+--------+--------+-----+--------+

Top non-repeatable levels by time:
     D:5: 1406 daAuts
  Bailey: 1002 daAuts
     D:4: 971 daAuts
     D:6: 959 daAuts
     D:2: 851 daAuts
     D:1: 838 daAuts
     D:3: 749 daAuts
 Ossuary: 356 daAuts
     D:7: 176 daAuts
